 Dungeon Crawl Stone Soup version 0.30-a0-23-ge60ba3568b (webtiles) character file.

Game seed: 15066806318322621083

66 purpskrrrp the Sneak (level 4, -3/23 HPs)
             Began as a Vine Stalker Brigand on Aug 24, 2022.
             Was a Follower of Wu Jian.
             Slain by a gnoll
             ... wielding a +0 halberd
              (13 damage)
             ... on level 2 of the Dungeon.
             The game lasted 00:03:12 (1288 turns).

purpskrrrp the Sneak (Vine Stalker Brigand)         Turns: 1288, Time: 00:03:13

Health: -3/23      AC:  3    Str: 14    XL:     4   Next: 15%
Magic:  0/5        EV: 11    Int: 11    God:    Wu Jian [*.....]
Gold:   83         SH:  0    Dex: 17    Spells: 3/3 levels left

rFire   + . .      SeeInvis .    a - +2 dagger (spect)
rCold   x . .      Faith    .    (no shield)
rNeg    . . .      Spirit   +    b - +0 robe
rPois   .          Reflect  .    (no helmet)
rElec   .          Harm     .    c - +0 cloak
rCorr   .          Rampage  .    (no gloves)
Will    .....                    (no boots)
Stlth   +++.......               (no amulet)
HPRegen 0.87/turn                h - ring of fire
MPRegen 0.09/turn                (no ring)

@: no status effects
A: fangs 2, regeneration 1, magic shield, antimagic bite, no potion heal 2
a: Renounce Religion


You were on level 2 of the Dungeon.
You worshipped Wu Jian.
Wu Jian was aware of your devotion.
You visited 1 branch of the dungeon, and saw 2 of its levels.

You collected 83 gold pieces.

Inventory:

Hand Weapons
 a - a +2 spectral dagger (weapon)
Missiles
 d - 15 poisoned darts (quivered)
 e - 3 curare-tipped darts
Armour
 b - a +0 robe (worn)
 c - a +0 cloak (worn)
Jewellery
 h - a ring of fire (left hand)
Scrolls
 g - 4 scrolls of identify {unknown}
 k - a scroll of magic mapping {unknown}
 l - a scroll of noise {unknown}
Potions
 f - a potion of heal wounds {unknown}
 i - a potion of mutation {unknown}
 j - a potion of brilliance {unknown}


   Skills:
 - Level 1.7 Fighting
 + Level 2.7 Short Blades
 - Level 1.7 Throwing
 - Level 0.7 Dodging
 * Level 6.3 Stealth


You had 3 spell levels left.
You didn't know any spells.
Your spell library was empty.

Dungeon Overview and Level Annotations

Branches:
Dungeon (2/15)

Altars:
Wu Jian


Innate Abilities, Weirdness & Mutations

You have extremely sharp teeth.
Your natural rate of healing is unusually fast.
When hurt, damage is shared between your health and your magic reserves.
Your bite disrupts and absorbs the magic of your enemies.
Potions cannot restore your health.


Message History

You kill the bat!
The Council accepts your kill.
No target in view!
No target in view!
No target in view!
No target in view!
No target in view!
No target in view!
No target in view!
No target in view!
No target in view!
No target in view!
No target in view!
No target in view!
You now have 83 gold pieces (gained 8).
A gnoll comes into view. It is wielding a +0 halberd.
You see here a scroll labelled XYVVIN ZEFE.
A gnoll and a ball python come into view. 2 gnolls come into view.
A worm comes into view.
Found a scroll labelled XYVVIN ZEFE.
The gnoll shouts! x2
The worm moves out of view.
The ball python hisses angrily.
You lunge at the gnoll, in a flurry of attacks.
You hit the gnoll.
The gnoll is moderately wounded.
You hit the gnoll. You bite the gnoll. You drain its power.
The gnoll is severely wounded.
A quokka comes into view.
A rat comes into view.
The gnoll hits you with a +0 halberd!
You hit the gnoll.
The gnoll is almost dead.
The gnoll hits you with a +0 halberd.
You closely miss the gnoll.
The gnoll is almost dead.
The quokka twitches its whiskers.
The gnoll hits you with a +0 halberd!
Ouch! That really hurt!
You die...

### ...w #.r.. ###
#....S##########.##
#...ggg@....?.....#
.r...g##########.##
#?.##
#########.####### #
.................
##.####.#..######
+.+..#.#..#
#.#.)#.#..#
#.####.##'#.#....
#...........#..#.#


You could see a worm, 4 gnolls, a quokka, a ball python and a rat.

Vanquished Creatures
  3 adders (D:2)
  A worm (D:2)
  2 dart slugs
  3 endoplasms
  A giant cockroach (D:1)
  5 goblins
  3 hobgoblins (D:1)
  3 kobolds
  A quokka (D:1)
  5 bats
  2 frilled lizards
  4 rats
33 creatures vanquished.

Notes
Turn   | Place    | Note
-------+----------+-------------------------------------------
     0 | D:1      | purpskrrrp the Vine Stalker Brigand began the quest for the
                  | Orb.
     0 | D:1      | Reached XP level 1. HP: 11/11 MP: 2/2
    81 | D:1      | Reached skill level 5 in Stealth
   128 | D:1      | Reached XP level 2. HP: 9/15 MP: 3/3
   259 | D:1      | Found a faded altar of an unknown god.
   756 | D:1      | Prayed at the altar of an unknown god.
   756 | D:1      | Became a worshipper of the Wu Jian Council
   756 | D:1      | Reached * piety under Wu Jian
   878 | D:2      | Reached XP level 3. HP: 10/18 MP: 2/4
  1093 | D:2      | Reached skill level 6 in Stealth
  1268 | D:2      | Gained mutation: Your natural rate of healing is unusually
                  | fast. [Vine Stalker growth]
  1268 | D:2      | Reached XP level 4. HP: 23/23 MP: 5/5
  1288 | D:2      | Slain by a gnoll

Illustrated notes

Levels and vault maps discovered:
D:1:      nicolae_arrival_somewhat_less_tricky_arrival, layout_rooms,
          dreamdust_ecumenical_altar_angels_and_demons
D:2:      minmay_door_path, layout_loops_ring

Skill      XL: |  1  2  3 |
---------------+----------+-----
Short Blades   | 2 |  2.7
Stealth        | 5 6 |  6.3
Fighting       | |  1.7
Throwing       | |  1.7
Dodging        | |  0.7

Action                   |  1- 3 |  4- 6 || total
-------------------------+-------+-------++-------
Melee: Dagger            |    53 |     7 ||    60
       Bite              |     5 |     1 ||     6
Invok: Lunge             |     2 |     2 ||     4
  Use: Scroll            |     2 |       ||     2
 Stab: Sleeping          |    12 |       ||    12
Armor: Robe              |     8 |     1 ||     9
Dodge: Dodged            |    20 |     2 ||    22

Table legend: (Time is in decaauts)
 A = Elapsed time spent in this place.
 B = Non-inter-level travel time spent in this place.
 C = Inter-level travel time spent in this place.
 D = Time resting spent in this place.
 E = Time spent auto-exploring this place.
 F = Levels seen in this place.
 G = Mean time per level.
                   A        B        C        D        E       F      G
               +--------+--------+--------+--------+--------+-----+--------+
         Total |   1281 |   1248 |     33 |    146 |    864 |   2 |  640.5 |
       Dungeon |   1281 |   1248 |     33 |    146 |    864 |   2 |  640.5 |
               +--------+--------+--------+--------+--------+-----+--------+

Top non-repeatable levels by time:
     D:1: 799 daAuts
     D:2: 482 daAuts
